 Dungeon Crawl Stone Soup version 0.30-a0-385-gfebfb9b408 (webtiles) character file.

Game seed: 16765179786089614271

66 funkygono the Firebug (level 3, -5/24 HPs)
             Began as a Demonspawn Fire Elementalist on Dec 2, 2022.
             Slain by a gnoll
             ... wielding a +0 spear
              (7 damage)
             ... on level 2 of the Dungeon.
             The game lasted 00:02:15 (1468 turns).

funkygono the Firebug (DsFE)                        Turns: 1468, Time: 00:02:15

Health: -5/24      AC:  2    Str:  8    XL:     3   Next: 96%
Magic:  0/7        EV: 12    Int: 18    God:
Gold:   91         SH:  4    Dex: 13    Spells: 1/7 levels left

rFire   . . .      SeeInvis .    f - +0 whip
rCold   . . .      Faith    .    (no shield)
rNeg    . . .      Spirit   .    a - +0 robe
rPois   .          Reflect  .    (helmet restricted)
rElec   .          Harm     .    (no cloak)
rCorr   .          Rampage  .    (no gloves)
Will    .....                    (no boots)
Stlth   ++........               (no amulet)
HPRegen 0.24/turn                (no ring)
MPRegen 0.10/turn                (no ring)

@: very slightly contaminated
A: antennae 1, condensation shield
a: no special abilities


You were on level 2 of the Dungeon.
You visited 1 branch of the dungeon, and saw 2 of its levels.

You collected 91 gold pieces.

Inventory:

Hand Weapons
 f - a +0 whip (weapon)
Missiles
 i - a throwing net
Armour
 a - a +0 robe (worn)
 j - a +0 leather armour
Jewellery
 k - a ring of magical power
Wands
 q - a wand of flame (11)
Scrolls
 d - a scroll of magic mapping {unknown}
 h - 2 scrolls of teleportation {unknown}
 l - a scroll of identify {unknown}
 o - a scroll of enchant weapon {unknown}
 p - a scroll of poison {unknown}
Potions
 b - a potion of magic
 c - 2 potions of flight {unknown}
 e - a potion of lignification {unknown}
 g - a potion of haste {unknown}
 m - a potion of invisibility {unknown}
 n - a potion of degeneration {unknown}


   Skills:
 + Level 2.0 Dodging
 - Level 1.7 Stealth
 + Level 2.7 Spellcasting
 + Level 1.4 Conjurations
 + Level 3.7 Fire Magic


You had one spell level left.
You knew the following spells:

 Your Spells              Type           Power      Damage    Failure   Level
a - Foxfire               Conj/Fire      44%        2x1d6     6%          1
b - Scorch                Fire           30%        2d6       5%          2
c - Kindle Blastsparks    Fire/Tloc/Air  12%        2d11      30%         3

Your spell library contained the following spells:

 Spells                   Type           Power      Damage    Failure   Level
 Shock                    Conj/Air       20%        1d4       13%         1
 Inner Flame              Hex/Fire       9%         N/A       24%         3
 Dazzling Flash           Conj/Hex       10%        N/A       36%         3
 Swiftness                Air            2%         N/A       45%         3
 Flame Wave               Conj/Fire      11%        2d6       50%         4
 Airstrike                Air            1%         2d(1-17)  86%         4
 Agony                    Necr           2%         N/A       99%         5
 Silence                  Hex/Air        1%         N/A       99%         5


Dungeon Overview and Level Annotations

Branches:
Dungeon (2/15)

Altars:


Innate Abilities, Weirdness & Mutations

You have a pair of small antennae on your head.
A meltable shield of frost defends you. (SH +4)


Message History

You climb upwards.
There is a stone staircase leading down here.
Magic restored.
Done exploring.
You climb downwards.
There is a stone staircase leading up here.
Casting: Foxfire (safe; 6% risk of failure)
Confirm with . or Enter, or press ? or * to list all spells.
You conjure some foxfire!
The gnoll closely misses you.
Casting: Foxfire (safe; 6% risk of failure)
Confirm with . or Enter, or press ? or * to list all spells.
You miscast Scorch.
You are very lightly contaminated with residual magic.
Nothing appears to happen.
The foxfire hits the gnoll.
The gnoll is moderately wounded.
The foxfire hits the gnoll.
The gnoll is heavily wounded.
The gnoll hits you from afar with a +0 spear.
Casting: Scorch (safe; 5% risk of failure)
Confirm with . or Enter, or press ? or * to list all spells.
You miscast Scorch.
Nothing appears to happen.
The gnoll hits you from afar with a +0 spear.
Unknown command.
Casting: Scorch (safe; 5% risk of failure)
Confirm with . or Enter, or press ? or * to list all spells.
You conjure some foxfire!
The gnoll hits you from afar with a +0 spear!
Casting: Foxfire (safe; 6% risk of failure)
Confirm with . or Enter, or press ? or * to list all spells.
You don't have enough magic to cast this spell.
Unknown command.
The foxfire hits the gnoll.
The gnoll is severely wounded.
The gnoll hits you from afar with a +0 spear!
* * * LOW HITPOINT WARNING * * *
Casting: Foxfire (safe; 6% risk of failure)
Confirm with . or Enter, or press ? or * to list all spells.
You conjure some foxfire!
The gnoll hits you from afar with a +0 spear!
You die...

..##.#####..# #.#
..##.# #..######
#.# ..##.#
#.<.)...# #.#
.....# #.#####§#
#.# ###### #.#
#v# #.# #.# #§#
#####.# #.# #§#
#.....# #.#
###v#######.#####
#.# #.v@.g......#
#.# #.########..#
#.# #.# ####..#
### #...).#
#.##.##
#####.##.#
#........#
#####.##†# #####
#.##.#


You could see a gnoll (ally target).

Vanquished Creatures
  3 gnolls (D:2)
  An adder (D:2)
  5 bats
  2 endoplasms
  A giant cockroach (D:2)
  4 goblins
  3 hobgoblins
  2 quokkas
  3 ball pythons (D:1)
  A frilled lizard (D:1)
25 creatures vanquished.

Vanquished Creatures (others)
  82 foxfires
82 creatures vanquished.

Grand Total: 107 creatures vanquished

Notes
Turn   | Place    | Note
-------+----------+-------------------------------------------
     0 | D:1      | funkygono the Demonspawn Fire Elementalist began the quest
                  | for the Orb.
     0 | D:1      | Reached XP level 1. HP: 13/13 MP: 3/3
   298 | D:1      | Reached skill level 3 in Fire Magic
   333 | D:1      | Gained mutation: A meltable shield of frost defends you.
                  | (SH +4) [demonic ancestry]
   333 | D:1      | Reached XP level 2. HP: 19/19 MP: 3/5
   336 | D:1      | Learned a level 2 spell: Scorch
   996 | D:2      | Found a faded altar of an unknown god.
  1028 | D:2      | Gained mutation: You have a pair of small antennae on your
                  | head. [demonic ancestry]
  1028 | D:2      | Reached XP level 3. HP: 24/24 MP: 3/6
  1032 | D:2      | Learned a level 3 spell: Kindle Blastsparks
  1468 | D:2      | Slain by a gnoll

Illustrated notes

Levels and vault maps discovered:
D:1:      psy_arrival_conway, layout_loops_ring, hex_medium, minmay_octomino_j4
D:2:      layout_loops_ring, dreamdust_ecumenical_altar_statues, st_stairs_3,
          patterned_corridor

Skill      XL: |  1  2  3 |
---------------+----------+-----
Fire Magic     | 3 |  3.7
Dodging        | 2 |  2.0
Stealth        | |  1.7
Spellcasting   | |  2.7
Conjurations   | |  1.4

Action                   || total
-------------------------++-------
 Cast: Foxfire           ||    49
Armor: Robe              ||     7
Dodge: Dodged            ||    21
Block: Other             ||     8

Table legend: (Time is in decaauts)
 A = Elapsed time spent in this place.
 B = Non-inter-level travel time spent in this place.
 C = Inter-level travel time spent in this place.
 D = Time resting spent in this place.
 E = Time spent auto-exploring this place.
 F = Levels seen in this place.
 G = Mean time per level.
                   A        B        C        D        E       F      G
               +--------+--------+--------+--------+--------+-----+--------+
         Total |   1473 |   1446 |     27 |     58 |   1132 |   2 |  736.5 |
       Dungeon |   1473 |   1446 |     27 |     58 |   1132 |   2 |  736.5 |
               +--------+--------+--------+--------+--------+-----+--------+

Top non-repeatable levels by time:
     D:1: 890 daAuts
     D:2: 582 daAuts
